 Dungeon Crawl Stone Soup version 0.21.1-1-g345015f (webtiles) character file.

945 tidbits the Insei (level 8, 0/60 HPs)
             Began as a Gnoll Transmuter on Mar 23, 2018.
             Killed by miscasting Ice Form (18 damage)
             ... on level 6 of the Dungeon.
             The game lasted 00:11:38 (1095 turns).

tidbits the Insei (Gnoll Transmuter)                Turns: 1095, Time: 00:11:38

Health: 0/60       AC:  2    Str: 13    XL:     8   Next: 13%
Magic:  9/16       EV: 15    Int: 17    God:
Gold:   65         SH:  0    Dex: 16    Spells: 8/18 levels left

rFire    . . .     SeeInvis .     - Unarmed
rCold    . . .     Gourm    .   (no shield)
rNeg     . . .     Faith    .   B - +0 robe
rPois    .         Spirit   .   (no helmet)
rElec    .         Reflect  .   (no cloak)
rCorr    .         Harm     .   (no gloves)
MR       .....                  (no boots)
Stlth    +.........             (no amulet)
HPRegen  0.20/turn              p - ring of loudness (curse)
MPRegen  0.15/turn              (no ring)

@: very slightly contaminated
A: distributed training, fangs 1, strong nose
a: no special abilities


You were on level 6 of the Dungeon.
You were hungry.

You visited 1 branch of the dungeon, and saw 7 of its levels.

You collected 65 gold pieces.

Inventory:

Hand Weapons
 e - a +1 dagger
 l - a +0 war axe
Missiles
 a - 48 arrows
 k - 18 stones (quivered)
Armour
 b - a +1 ring mail of magic resistance
   (You took it off an orc priest on level 6 of the Dungeon)
 j - a +0 pair of boots
 n - a +1 shield
 B - a +0 robe (worn)
Jewellery
 p - a cursed ring of loudness (left hand)
   (You took it off a gnoll on level 6 of the Dungeon)
Wands
 i - a wand of clouds (3)
Scrolls
 f - a scroll of teleportation {unknown}
 g - 2 scrolls of enchant armour
 h - a scroll of enchant weapon
 m - a scroll of blinking {unknown}
 r - 4 scrolls of remove curse
Potions
 q - a potion of resistance {unknown}
Books
 c - a book of Changes

   Spells                             Type                      Level
   a - Beastly Appendage              Transmutation                1
   b - Sticks to Snakes               Transmutation                2
   c - Spider Form                    Transmutation/Poison         3
   d - Ice Form                       Ice/Transmutation            4
   e - Blade Hands                    Transmutation                5
Comestibles
 d - 6 rations


   Skills:
 + Level 3.9 Fighting
 + Level 2.9 Short Blades
 + Level 2.9 Long Blades
 + Level 2.9 Axes
 + Level 2.9 Maces & Flails
 + Level 2.9 Polearms
 + Level 2.9 Staves
 + Level 2.9 Slings
 + Level 2.9 Bows
 + Level 2.9 Crossbows
 + Level 2.9 Throwing
 + Level 2.9 Armour
 + Level 5.4 Dodging
 + Level 2.9 Stealth
 + Level 2.9 Shields
 + Level 7.2 Unarmed Combat
 + Level 5.8 Spellcasting
 + Level 2.3 Conjurations
 + Level 2.3 Hexes
 + Level 2.3 Charms
 + Level 2.3 Summonings
 + Level 2.3 Necromancy
 + Level 2.3 Translocations
 + Level 4.5 Transmutations
 + Level 2.3 Fire Magic
 + Level 2.3 Ice Magic
 + Level 2.3 Air Magic
 + Level 2.3 Earth Magic
 + Level 2.3 Poison Magic
 + Level 3.2 Invocations
 + Level 2.9 Evocations


You had 8 spell levels left.
You knew the following spells:

 Your Spells              Type           Power        Failure   Level  Hunger
e - Beastly Appendage     Tmut           ###...       1%          1    None
i - Ice Form              Ice/Tmut       ###.....     30%         4    ####...
k - Sticks to Snakes      Tmut           ###.....     3%          2    #......
p - Spider Form           Tmut/Pois      ###.......   10%         3    ##.....


Dungeon Overview and Level Annotations

Branches:
Dungeon (7/15)
 Temple: D:4-7

Altars:
Gozag
Nemelex Xobeh
Ru
Wu Jian

Annotations:
D:4 Mirai's ghost, amateur DECj
D:5 Dowan


Innate Abilities, Weirdness & Mutations

Your experience applies equally to all skills.
You have very sharp teeth.
Your uncanny sense of smell can sniff out nearby items.


Message History

You see here a scroll of remove curse.
r - 4 scrolls of remove curse (gained 1)
There is a stone staircase leading up here.
You climb upwards.
There is a stone staircase leading down here.
Unknown command.
You open the door.
There is an open door here.
There is a stone staircase leading down here.
You are feeling hungry.
Dowan, Brother of Duvessa comes into view.
He is wielding a dagger.
Dowan shouts!
Dowan hisses, "Insulting my beauty only makes me fight harder!"
A quokka comes into view.
A sky beast comes into view.
Dowan casts a spell at something.
Found 20 arrows.
Found a sparkling altar of Nemelex Xobeh.
Unknown command.
Dowan casts a spell at you. The puff of flame hits you!
* * * LOW HITPOINT WARNING * * *
You hear a shout!
Duvessa, Sister of Dowan comes into view.
She is wielding a rapier.
Duvessa shouts!
You hear a shout!
Duvessa says, "I don't care about looks, I care about technique!"
Unknown command.
Unknown command.
Unknown command.
Evoke which item? (* to show all) (? for menu, Esc to quit)
Aiming: Cloud Cone
Press: ? - help, Dir - move target cursor, f - quokka
Aim: a quokka You create a blast of flame!
Duvessa is engulfed in blazing flames.
The quokka is engulfed in blazing flames.
You kill the quokka!
Unknown command.
Casting: Ice Form
Confirm with . or Enter, or press ? or * to list all spells.
You turn into a creature of crystalline ice.
Your +0 robe melds into your body.
Duvessa is engulfed in blazing flames. x2
Duvessa hits you with a rapier.
* * * LOW HITPOINT WARNING * * *
Unknown command.
You punch Duvessa! You freeze Duvessa.
You kill Duvessa!
You hear a distant wail of despair.
You warm up again.
Your +0 robe unmelds from your body.
Dowan seems to find hidden reserves of power!
Dowan casts a spell.
Dowan blinks!
The sky beast flickers out of sight!
Unknown command.
Quiver which item? (- for none, * to show all) (? for menu, Esc to quit)
Quivering
o - 4 tomahawks for throwing.
Unknown command.
Throwing (i - inventory. (,) - cycle):
o - 4 tomahawks (quivered)
Press: ? - help, Shift-Dir - straight line, f - Dowan
Aim: Dowan, wielding a dagger and wearing a robe (fast)
You throw a tomahawk.
Dowan breathes, "And she was my only..."
Unknown command.
A sky beast appears from thin air!
Throwing (i - inventory. (,) - cycle):
o - 3 tomahawks (quivered)
Press: ? - help, Shift-Dir - straight line, f/p - Dowan
Aim: Dowan, wielding a dagger and wearing a robe (fast)
You throw a tomahawk. The tomahawk closely misses Dowan.
Throwing (i - inventory. (,) - cycle):
o - 2 tomahawks (quivered)
Press: ? - help, Shift-Dir - straight line, f/p - Dowan
Aim: Dowan, wielding a dagger and wearing a robe (fast)
You throw a tomahawk. The tomahawk hits Dowan.
Dowan is lightly wounded.
Throwing (i - inventory. (,) - cycle):
o - a tomahawk (quivered)
Press: ? - help, Shift-Dir - straight line, f/p - Dowan
Aim: Dowan, wielding a dagger and wearing a robe (lightly wounded, fast)
You throw a tomahawk. The tomahawk hits Dowan!
Dowan is heavily wounded.
Dowan mumbles some strange words.
Dowan blinks!
The sky beast flickers out of sight!
A sky beast appears from thin air!
The sky beast is engulfed in blazing flames.
The sky beast is engulfed in blazing flames.
There is a stone staircase leading down here.
Dowan says, "Her death will not be in vain!"
You climb downwards.
There is a stone staircase leading up here.
Unknown command.
An orc comes into view.
The orc falls through a shaft!
The shaft crumbles and collapses. 2 orcs come into view.
The orc shouts!
The orc moves out of view.
Unknown command.
Casting: Ice Form
Confirm with . or Enter, or press ? or * to list all spells.
You miscast Ice Form.
You are very lightly contaminated with residual magic.
Your body is twisted very painfully!
You die...

....## #.. #.... #
.........# ## #.
##.........# #. #...
#..........# #. .o.o#
##..........# #.
....o###...........#
#.
............<......#
#. #...@...........##
#.
####.............###.
##.............##.
#......<..##...#.
#................
#............##..
#.###...#######..
#####.### ##.> ##..#
####...


You could see 3 orcs.

Vanquished Creatures
  The ghost of soepske the Skirmisher, an amateur DsBe of Trog (D:3)
  Duvessa (D:5)
  An ogre (D:6)
  A bullfrog (D:6)
  A wight (D:6)
  A howler monkey (D:5)
  2 crimson imps
  An orc priest (D:6)
  Natasha (twice) (D:2)
  2 orc wizards (D:6)
  A worker ant (D:5)
  6 gnolls
  4 adders
  An ooze (D:3)
  An adder skeleton (D:6)
  A dart slug (D:1)
  2 leopard geckos
  2 orcs
  2 ball pythons (D:2)
  A giant cockroach (D:3)
  2 goblins (D:1)
  A hobgoblin (D:2)
  6 jackals (D:2)
  2 quokkas
  2 bats
  4 frilled lizards (D:2)
  A giant cockroach zombie (D:6)
  2 kobolds
  A quokka zombie (D:5)
  A rat (D:2)
56 creatures vanquished.

Vanquished Creatures (collateral kills)
  A gnoll sergeant (D:6)
1 creature vanquished.

Grand Total: 57 creatures vanquished

Notes
Turn   | Place    | Note
-------+----------+-------------------------------------------
     0 | D:1      | tidbits the Gnoll Transmuter began the quest for the Orb.
     0 | D:1      | Reached XP level 1. HP: 17/17 MP: 6/6
    18 | D:1      | Reached XP level 2. HP: 14/23 MP: 5/7
    22 | D:1      | Learned a level 2 spell: Sticks to Snakes
   145 | D:4      | Noticed Mirai's ghost (amateur DECj)
   161 | D:2      | Found an ornate altar of the Wu Jian Council.
   188 | D:2      | Noticed Natasha
   194 | D:2      | HP: 1/23 [Natasha/magic dart (9)]
   195 | D:2      | Killed Natasha
   195 | D:2      | Reached skill level 5 in Spellcasting
   195 | D:2      | Reached skill level 1 in Invocations
   195 | D:2      | Reached XP level 3. HP: 2/28 MP: 5/9
   232 | D:2      | Learned a level 3 spell: Spider Form
   302 | D:2      | Noticed Natasha
   305 | D:2      | Killed Natasha
   305 | D:2      | Reached skill level 1 in Short Blades
   305 | D:2      | Reached skill level 1 in Long Blades
   305 | D:2      | Reached skill level 1 in Axes
   305 | D:2      | Reached skill level 1 in Maces & Flails
   305 | D:2      | Reached skill level 1 in Polearms
   305 | D:2      | Reached skill level 1 in Staves
   305 | D:2      | Reached skill level 1 in Slings
   305 | D:2      | Reached skill level 1 in Bows
   305 | D:2      | Reached skill level 1 in Crossbows
   305 | D:2      | Reached skill level 1 in Throwing
   305 | D:2      | Reached skill level 1 in Armour
   305 | D:2      | Reached skill level 1 in Stealth
   305 | D:2      | Reached skill level 1 in Shields
   305 | D:2      | Reached skill level 1 in Evocations
   305 | D:2      | Reached XP level 4. HP: 7/34 MP: 2/11
   384 | D:3      | Reached skill level 1 in Conjurations
   384 | D:3      | Reached skill level 1 in Hexes
   384 | D:3      | Reached skill level 1 in Charms
   384 | D:3      | Reached skill level 1 in Summonings
   384 | D:3      | Reached skill level 1 in Necromancy
   384 | D:3      | Reached skill level 1 in Translocations
   384 | D:3      | Reached skill level 1 in Fire Magic
   384 | D:3      | Reached skill level 1 in Ice Magic
   384 | D:3      | Reached skill level 1 in Air Magic
   384 | D:3      | Reached skill level 1 in Earth Magic
   384 | D:3      | Reached skill level 1 in Poison Magic
   513 | D:3      | Noticed soepske's ghost (amateur DsBe)
   526 | D:3      | Killed soepske's ghost
   526 | D:3      | Reached skill level 3 in Fighting
   526 | D:3      | Reached skill level 4 in Transmutations
   526 | D:3      | Reached skill level 2 in Invocations
   526 | D:3      | Reached XP level 5. HP: 14/41 MP: 6/12
   526 | D:3      | Reached XP level 6. HP: 17/47 MP: 7/14
   542 | D:3      | Reached skill level 5 in Dodging
   738 | D:4      | Learned a level 4 spell: Ice Form
   759 | D:5      | Entered Level 5 of the Dungeon
   768 | D:5      | Reached skill level 2 in Short Blades
   768 | D:5      | Reached skill level 2 in Long Blades
   768 | D:5      | Reached skill level 2 in Axes
   768 | D:5      | Reached skill level 2 in Maces & Flails
   768 | D:5      | Reached skill level 2 in Polearms
   768 | D:5      | Reached skill level 2 in Staves
   768 | D:5      | Reached skill level 2 in Slings
   768 | D:5      | Reached skill level 2 in Bows
   768 | D:5      | Reached skill level 2 in Crossbows
   768 | D:5      | Reached skill level 2 in Throwing
   768 | D:5      | Reached skill level 2 in Armour
   768 | D:5      | Reached skill level 2 in Stealth
   768 | D:5      | Reached skill level 2 in Shields
   768 | D:5      | Reached skill level 2 in Evocations
   820 | D:6      | Found a sacrificial altar of Ru.
   823 | D:6      | Reached XP level 7. HP: 37/52 MP: 4/15
   867 | D:6      | Reached skill level 7 in Unarmed Combat
   870 | D:6      | Reached skill level 2 in Conjurations
   870 | D:6      | Reached skill level 2 in Hexes
   870 | D:6      | Reached skill level 2 in Charms
   870 | D:6      | Reached skill level 2 in Summonings
   870 | D:6      | Reached skill level 2 in Necromancy
   870 | D:6      | Reached skill level 2 in Translocations
   870 | D:6      | Reached skill level 2 in Fire Magic
   870 | D:6      | Reached skill level 2 in Ice Magic
   870 | D:6      | Reached skill level 2 in Air Magic
   870 | D:6      | Reached skill level 2 in Earth Magic
   870 | D:6      | Reached skill level 2 in Poison Magic
   938 | D:6      | HP: 2/63 [gnoll/halberd (9)]
   955 | D:6      | Found an opulent altar of Gozag.
   967 | D:6      | Reached skill level 3 in Invocations
   989 | D:6      | Reached XP level 8. HP: 10/60 MP: 1/16
  1052 | D:5      | Noticed Dowan
  1054 | D:5      | Found a sparkling altar of Nemelex Xobeh.
  1056 | D:5      | Noticed Duvessa
  1061 | D:5      | Killed Duvessa
  1095 | D:6      | Killed by miscasting Ice Form

Skill      XL: |  1  2  3  4  5  6  7 |
---------------+----------------------+-----
Spellcasting   | 5 |  5.8
Invocations    | 1 2 3 |  3.2
Short Blades   | 1 2 |  2.9
Long Blades    | 1 2 |  2.9
Axes           | 1 2 |  2.9
Maces & Flails | 1 2 |  2.9
Polearms       | 1 2 |  2.9
Staves         | 1 2 |  2.9
Slings         | 1 2 |  2.9
Bows           | 1 2 |  2.9
Crossbows      | 1 2 |  2.9
Throwing       | 1 2 |  2.9
Armour         | 1 2 |  2.9
Stealth        | 1 2 |  2.9
Shields        | 1 2 |  2.9
Evocations     | 1 2 |  2.9
Conjurations   | 1 2 |  2.3
Hexes          | 1 2 |  2.3
Charms         | 1 2 |  2.3
Summonings     | 1 2 |  2.3
Necromancy     | 1 2 |  2.3
Translocations | 1 2 |  2.3
Fire Magic     | 1 2 |  2.3
Ice Magic      | 1 2 |  2.3
Air Magic      | 1 2 |  2.3
Earth Magic    | 1 2 |  2.3
Poison Magic   | 1 2 |  2.3
Fighting       | 3 |  3.9
Transmutations | 4 |  4.5
Dodging        | 5 |  5.4
Unarmed Combat | 7 |  7.2

Action                   |  1- 3 |  4- 6 |  7- 9 || total
-------------------------+-------+-------+-------++-------
Melee: Unarmed           |    27 |    67 |    47 ||   141
       Bite              |     2 |       |       ||     2
       Dagger            |     3 |       |       ||     3
       Kick              |     1 |     1 |       ||     2
       Punch             |     1 |       |       ||     1
Throw: Tomahawk          |       |       |     4 ||     4
 Cast: Beastly Appendage |     5 |     3 |       ||     8
       Sticks to Snakes  |     2 |     5 |     1 ||     8
       Spider Form       |     1 |     6 |     1 ||     8
       Ice Form          |       |     2 |     3 ||     5
 Abil: End Transformatio |     1 |       |     1 ||     2
Evoke: Wand              |     2 |     1 |     1 ||     4
  Use: Potion            |       |     1 |     2 ||     3
       Scroll            |       |     3 |       ||     3
 Stab: Sleeping          |     2 |     1 |       ||     3
  Eat: Chunk             |       |     1 |     1 ||     2
Armor: Robe              |     3 |     1 |       ||     4
       Skin              |       |    12 |     5 ||    17
Dodge: Dodged            |    15 |    48 |    21 ||    84

Table legend:
 A = Turns spent in this place as a percentage of turns spent in the entire game.
 B = Non-inter-level travel turns spent in this place as a percentage of non-inter-level travel turns spent in the entire game.
 C = Inter-level travel turns spent in this place as a percentage of turns spent in this place.
 D = Turns resting spent in this place as a percentage of non-inter-level travel turns spent in this place.
 E = Turns spent auto-exploring this place as a percentage of non-inter-level travel turns spent in this place.
 F = Non-inter-level travel turns spent in this place divided by the number of levels of this place that you've seen.
                   A       B       C       D       E      F
               +-------+-------+-------+-------+-------+----------------------
         Total | 100.0 | 100.0 |   0.0 |   0.4 |   0.0 | 156.4
       Dungeon | 100.0 | 100.0 |   0.0 |   0.4 |   0.0 | 156.4
               +-------+-------+-------+-------+-------+----------------------

Table legend:
 A = Kills in this place as a percentage of kills in entire the game.
 B = Kills by you in this place as a percentage of kills by you in the entire game.
 C = Kills by friends in this place as a percentage of kills by friends in the entire game.
 D = Other kills in this place as a percentage of other kills in the entire game.
 E = Experience gained in this place as a percentage of experience gained in the entire game.
 F = Experience gained in this place divided by the number of levels of this place that you have seen.
                   A       B       C       D       E      F
               +-------+-------+-------+-------+-------+----------------------
         Total | 100.0 | 100.0 | 100.0 |   N/A | 100.0 | 192.9
       Dungeon | 100.0 | 100.0 | 100.0 |   N/A | 100.0 | 192.9
               +-------+-------+-------+-------+-------+----------------------

Vault maps used:
D:1:      lightli_arrival_quake
D:2:      nicolae_overflow_crystal_walls, nicolae_overflow_quartered_altars,
          uniq_natasha
D:4:      first_ration
D:5:      nemelex_xobeh_ov_fountains_minmay, grunt_decor_clamped, uniq_duvessa
D:6:      zin_purify, old_standard_altar, basic_altar
D:7:      temple_pool_b, grunt_livestock, minmay_statues_item, tgw_trog
